Map: Prion Terraces

Players

Nexlux - Winner!

  • Race: Zerg Zerg
  • League: Master

MorN

  • Race: Terran Terran
  • League: Master

VOD

Have the link to the VOD?

Description

Time

  • Played on: Nov. 29, 2015, 7:11 p.m.
  • Length: 10:19
Show
View Real Time Build Order
Export as new Build Order

Nexlux Zerg - Winner!

Build Orders: Pool First 

Get SALT Encoding   

  12  0:01  Drone  
  13  0:08  Drone  
  14  0:17  Overlord  
  14  0:34  Spawning Pool  
  13  0:36  Drone  
  13  0:40  Drone  
  15  0:44  Drone  
  15  0:48  Drone  
  17  1:10  Hatchery  
  16  1:14  Extractor  
  15  1:20  Queen  
  15  1:24  Drone  
  18  1:27  Drone  
  18  1:31  Drone  
  20  1:38  Overlord  
  20  1:51  Drone  
  21  1:55  Roach Warren  
  20  2:07  Overlord  
  19  2:40  Roach x4  
  19  2:41  Roach x2  
  31  2:47  Roach  
  31  2:49  Queen  
  35  2:53  Drone  
  36  2:59  Drone  
  36  3:00  Drone  
  38  3:10  Drone x2  
  40  3:22  Drone  
  40  3:23  Drone x3  
  44  3:40  Hatchery  
  41  4:01  Roach  
  41  4:02  Overlord x2  
  43  4:03  Drone  
  43  4:08  Drone  
  38  4:51  Roach x4  
  42  4:55  Lair, Extractor  
  42  4:57  Drone x7  
  48  5:05  Overlord  
  48  5:07  Overlord  
  47  5:14  Drone x3  
  49  5:22  Drone  
  49  5:23  Extractor, Queen  
  49  5:24  Evolution Chamber  
  50  5:30  Roach x3  
  50  5:31  Roach x2  
  50  5:33  Drone x2  
  50  5:34  Drone  
  63  5:42  Drone x3  
  66  5:53  Drone  
  66  5:54  Drone x4  
  66  5:57  Zerg Missile Weapons Level 1, Extractor  
  70  6:10  Drone x4  
  74  6:15  Glial Reconstitution  
  74  6:16  Evolution Chamber  
  73  6:19  Hydralisk Den  
  73  6:21  Drone x3  
  73  6:30  Drone x2  
  75  6:33  Drone  
  75  6:34  Drone, Overlord  
  75  6:35  Overlord x3  
  77  6:41  Zerg Ground Armor Level 1  
  77  6:48  Queen  
  77  6:49  Overlord  
  77  6:50  Roach  
  77  6:53  Hydralisk x2, Muscular Augments  
  83  6:57  Hydralisk  
  69  7:16  Hydralisk x2, Roach x4  
  69  7:19  Roach  
  69  7:22  Overlord  
  83  7:23  Roach x2, Queen  
  89  7:30  Queen  
  89  7:31  Queen  
  93  7:38  Drone x3  
  93  7:39  Spore Crawler, Hydralisk x3  
  93  8:05  Hydralisk x2  
  93  8:06  Hydralisk x4  
  93  8:11  Roach x3  
  111  8:15  Extractor  
  111  8:17  Extractor  
  109  8:22  Roach x2  
  109  8:23  Roach x3  
  109  8:24  Overlord x3  
  109  8:25  Drone x2  
  109  8:26  Drone  
  122  8:27  Hatchery  
  121  8:36  Roach x3  
  127  8:51  Roach x5  
  127  8:52  Roach x5  
  127  8:53  Overlord  
  127  8:54  Hatchery  
  144  9:21  Spore Crawler, Spine Crawler  
  144  9:22  Spine Crawler  
  141  9:49  Hatchery  
Show
View Real Time Build Order
Export as new Build Order

MorN Terran 

Build Orders: Reaper Expand 

Get SALT Encoding   

  12  0:00  SCV  
  13  0:13  SCV  
  14  0:17  Supply Depot  
  14  0:25  SCV  
  15  0:38  SCV  
  15  0:40  Barracks  
  16  0:46  Refinery  
  16  0:51  SCV  
  17  1:03  SCV  
  18  1:15  SCV  
  19  1:28  Orbital Command  
  19  1:29  Reaper  
  20  1:40  Command Center  
  20  1:50  Supply Depot  
  20  1:54  SCV  
  21  2:07  Barracks Reactor  
  21  2:09  SCV  
  22  2:21  SCV  
  23  2:27  Factory  
  23  2:39  SCV  
  23  2:44  Marine x2  
  26  2:52  SCV  
  26  2:53  Orbital Command  
  26  2:54  Bunker  
  27  3:01  Marine x2  
  27  3:04  Refinery  
  29  3:21  Marine x2  
  29  3:23  Factory Tech Lab  
  29  3:24  Starport  
  31  3:28  SCV  
  31  3:29  SCV  
  31  3:30  Supply Depot  
  33  3:40  SCV  
  33  3:41  SCV  
  35  3:42  Command Center  
  35  3:43  Supply Depot  
  34  3:54  SCV x2  
  34  3:55  Siege Tank, Marine  
  37  4:08  Medivac  
  36  4:17  Marine x2  
  36  4:23  SCV x2  
  34  4:35  SCV x2  
  29  4:47  SCV x2  
  31  4:54  Orbital Command  
  31  4:56  Factory Reactor  
  31  4:57  Stimpack  
  31  4:59  SCV x2  
  33  5:11  SCV x2  
  33  5:12  Starport Reactor  
  33  5:13  Barracks  
  35  5:18  Barracks  
  35  5:24  SCV  
  35  5:26  SCV  
  37  5:29  Marauder  
  37  5:30  SCV  
  40  5:38  SCV x2  
  42  5:42  Factory Tech Lab  
  42  5:45  SCV, Engineering Bay  
  42  5:46  Engineering Bay  
  43  5:50  SCV  
  43  5:53  Refinery  
  43  5:54  Refinery, Medivac x2  
  43  5:56  SCV  
  49  5:57  SCV  
  50  6:05  Marine  
  50  6:06  Marauder, Marine  
  50  6:07  SCV, Supply Depot  
  55  6:11  Marine x2  
  55  6:14  SCV x2  
  59  6:20  SCV  
  59  6:22  Terran Infantry Weapons Level 1  
  59  6:23  Marine  
  61  6:27  Marine  
  61  6:29  SCV x2  
  61  6:31  Supply Depot  
  61  6:32  Supply Depot, Marauder  
  65  6:33  Marine  
  65  6:39  Terran Infantry Armor Level 1, SCV  
  67  6:43  SCV  
  67  6:46  Supply Depot, SCV  
  69  6:52  SCV  
  70  6:55  Marine x3  
  70  6:56  Supply Depot, Marauder  
  75  7:04  Orbital Command  
  73  7:09  Marine  
  73  7:11  SCV x2  
  73  7:13  Marine x2  
  74  7:16  Marine  
  74  7:18  Marauder  
  77  7:27  Marine  
  77  7:29  Siege Tank  
  82  7:30  SCV x2, Barracks  
  82  7:31  SCV, Barracks, Marine  
  82  7:35  Marine x2  
  87  7:39  Marauder  
  89  7:45  Marine  
  83  8:00  Marauder, Marine x2  
  83  8:04  Marine x2  
  86  8:06  SCV x2  
  86  8:09  Siege Tank, Medivac x2  
  86  8:11  Supply Depot  
  95  8:14  SCV, Armory  
  95  8:18  SCV, Marine  
  98  8:22  Marauder  
  100  8:27  Marine  
  100  8:28  Barracks Reactor x2  
  100  8:31  Supply Depot  
  100  8:32  Supply Depot, Marine x2  
  100  8:33  SCV  
  104  8:37  SCV x2  
  104  8:38  Marine  
  104  8:39  Command Center  
  104  8:40  Medivac  
  109  8:52  Marauder, Siege Tank, Marine x3  
  109  8:54  Medivac  
  119  8:56  Marine  
  120  9:06  Marine x3  
  123  9:10  Marine x2  
  123  9:11  Marine  
  123  9:13  Marine x3  
  122  9:23  Marine  
  121  9:27  Refinery, Marine x2  
  121  9:29  Marine  
  123  9:31  Marine x2  
  123  9:34  Supply Depot  
  123  9:38  Supply Depot x2  
  125  9:40  Barracks  
  125  9:41  Barracks  
  125  9:42  Barracks  
  125  9:50  Marine x3  
  125  9:51  Marauder  
Tags
 
Add a new tag
Caveats
  • Supply blocks, unpowered buildings, or Contaminate may cause inaccurate times.
  • Supply counts are checked every 10 seconds.